 Dungeon Crawl Stone Soup version 0.31-a0-45-g5f0c076935 (webtiles) character file.

Game seed: 7625095707143747283

8960 dracfodder the Geomancer (level 11, -3/85 HPs)
             Began as a Gargoyle Earth Elementalist on May 20, 2023.
             Was a High Priest of Vehumet.
             Slain by Erica
             ... wielding a +1 scimitar of flaming
              (11 damage)
             ... on level 10 of the Dungeon on May 21, 2023.
             The game lasted 01:40:05 (12539 turns).

dracfodder the Geomancer (GrEE)                    Turns: 12539, Time: 01:40:05

Health: -3/85      AC: 16    Str: 17    XL:     11   Next: 39%
Magic:  21/23      EV: 12    Int: 24    God:    Vehumet [*****.]
Gold:   752        SH:  0    Dex:  9    Spells: 2/27 levels left

rFire   . . .        a - +1 spear (heavy)
rCold   + . .        (no shield)
rNeg    + . .        j - +0 steam dragon scales
rPois   ∞            (no helmet)
rElec   +            (no cloak)
rCorr   .            s - +1 pair of gloves
SInv    .            l - +0 pair of boots
Will    +....        y - amulet of regeneration Stlth
                     h - +6 ring of strength
HPRegen 1.14/turn    f - ring of protection from cold
MPRegen 0.18/turn

%: no passive effects
@: berserking, slowed
A: sickness immunity, AC +8, negative energy resistance 1, electricity
resistance, torment resistance 1, petrification resistance, hooves 1, clever 1,
strong-willed 1, sense surroundings 1
a: Renounce Religion


You were on level 10 of the Dungeon.
You worshipped Vehumet.
Vehumet was extremely pleased with you.
You visited 2 branches of the dungeon, and saw 11 of its levels.
You also visited: Sewer.

You collected 752 gold pieces.

Inventory:

Hand Weapons
 a - a +1 heavy spear (weapon)
 b - a +0 sling
 A - a +5 spear of freezing
Missiles
 e - 30 poisoned darts
 n - a throwing net
Armour
 j - +0 steam dragon scales (worn)
 l - a +0 pair of boots (worn)
 s - a +1 pair of gloves (worn)
Magical Staves
 c - a staff of earth
Jewellery
 f - a ring of protection from cold (right hand)
 h - a +6 ring of strength (left hand)
 y - an amulet of regeneration (around neck)
 D - a ring of protection from fire
Wands
 u - a wand of iceblast (2)
 x - a wand of mindburst (22)
 B - a wand of quicksilver (3)
Scrolls
 d - 3 scrolls of teleportation
 i - 3 scrolls of identify
 q - 4 scrolls of fear
 v - a scroll of fog
 z - 2 scrolls of amnesia
Potions
 g - 3 potions of magic
 k - 6 potions of curing
 m - 2 potions of brilliance
 o - 6 potions of haste
 p - a potion of lignification
 t - 3 potions of flight
 w - 4 potions of invisibility
 C - a potion of might


   Skills:
 + Level 2.1 Fighting
 + Level 2.2 Polearms
 + Level 1.3 Ranged Weapons
 + Level 0.2 Throwing
 + Level 3.1 Dodging
 + Level 4.6 Stealth
 + Level 8.8 Spellcasting
 + Level 2.6 Conjurations
 + Level 2.0 Transmutations
 + Level 0.1 Fire Magic
 + Level 1.3 Air Magic
 * Level 14.8 Earth Magic
 + Level 2.6 Poison Magic
 + Level 0.3 Evocations


You had 2 spell levels left.
You knew the following spells:

 Your Spells              Type           Power      Damage    Failure   Level
a - Sandblast             Erth           100%       2d20      0%          1
b - Passwall              Tmut/Erth      41%        N/A       1%          2
c - Stone Arrow           Conj/Erth      100%       3d13      1%          3
d - Magic Dart            Conj           92%        1d7       1%          1
e - Petrify               Tmut/Erth      50%        N/A       1%          4
f - Poisonous Vapours     Pois/Air       40%        N/A       1%          2
g - Flame Wave            Conj/Fire      17%        2d7       9%          4
h - Ignite Poison         Fire/Tmut/Pois 18%        N/A       2%          3
i - Fireball              Conj/Fire      8%         3d6       24%         5

Your spell library contained the following spells:

 Spells                   Type           Power      Damage    Failure   Level
 Wereblood                Tmut           20%        N/A       3%          2
 Lee's Rapid Deconstruct  Erth           35%        3d18*     1%          5
 Dazzling Flash           Conj/Hex       34%        N/A       3%          3
 Inner Flame              Hex/Fire       11%        N/A       4%          3
 Volatile Blastmotes      Fire/Tloc      22%        2d11      4%          3
 Sticky Flame             Conj/Fire      17%        2d4       9%          4
 Fulminant Prism          Conj/Hex       8%         3d7       10%         4
 Iskenderun's Mystic Bla  Conj/Tloc      17%        2d5       10%         4
 Iskenderun's Battlesphe  Conj           23%        2d8       16%         5
 Conjure Ball Lightning   Conj/Air       10%        3x3d6     65%         6
 Starburst                Conj/Fire      8%         6d4       75%         6
 Orb of Destruction       Conj           11%        9d6       98%         7
 Summon Hydra             Summ           5%         N/A       100%        7
 Sublimation of Blood     Necr           Unusable   N/A       N/A         2

Dungeon Overview and Level Annotations

Branches:
Dungeon (10/15)            Temple (1/1) D:7            Lair (0/5) D:8
    Orc (0/2) D:10          Sewer (visited)

Altars:
Ashenzari
Cheibriados
Dithmenos
Elyvilon
Fedhas
Gozag
Hepliaklqana
Kikubaaqudgha
Makhleb
Nemelex Xobeh
Okawaru
Qazlal
Ru
Sif Muna
Trog
Uskayaw
Vehumet
Xom
Yredelemnul
Zin
The Shining One

Shops:
D:7 *   D:10 *

Annotations:
D:6 2 runed translucent doors, patfeehan111222's ghost, novice DsBe
D:10 Erica


Innate Abilities, Weirdness & Mutations

You are immune to sickness and miasma.
Your stone body is resilient. (AC +8)
You are immune to poison.
You resist negative energy. (rN+)
You are resistant to electric shocks. (rElec)
You are resistant to unholy torment.
You are immune to petrification.
You have large cloven feet.
Your mind is acute. (Int +4, Str/Dex -1)
You are strong-willed. (Will+)
You passively map a small area around you.


Message History

You closely miss something.
You hear some strange, mumbled words.
You feel yourself slow down.
You closely miss something. Something hits you. Something burns you.
Something hits you. Something burns you.
* * * LOW HITPOINT WARNING * * *
You miss something.
You hear some strange, mumbled words.
A bolt of poison appears from out of thin air!
The bolt of poison hits you but does no damage.
You resist. Something hits you. Something burns you.
* * * LOW HITPOINT WARNING * * *
Casting: Sandblast (safe; 0% risk of failure)
Confirm with . or Enter, or press ? or * to list all spells.
Aiming: Stone Arrow (safe; 1% risk of failure)
Press: ? - help, Shift-Dir - straight line Something hits you.
* * * LOW HITPOINT WARNING * * *
Something burns you.
* * * LOW HITPOINT WARNING * * *
Something hits you.
* * * LOW HITPOINT WARNING * * *
Something burns you.
* * * LOW HITPOINT WARNING * * *
You feel better.
You hear some strange, mumbled words.
A bolt of poison appears from out of thin air!
The bolt of poison hits you but does no damage.
You resist.
A red film seems to cover your vision as you go berserk!
You feel yourself moving faster!
You feel mighty! Something hits you!
* * * LOW HITPOINT WARNING * * *
Something burns you.
* * * LOW HITPOINT WARNING * * *
Something hits you!
* * * LOW HITPOINT WARNING * * *
Something burns you.
* * * LOW HITPOINT WARNING * * *
You puncture something! Something hits you!
You die...

.......#######. , #.#
.8.8.................#
+.###
.........##'##.......#,
,,#....
....)........#.......# ,
,#.###
#######..8...#.......# ,
#.#..
#!.....'.......########.'..
#....8.#................#..
#......#..{.............#..
#......[..@.............###
#....................WW....
#...................W)#####
#.......##.####.....W.##
.........##.# ,.........#
########..##.. .....g...##
* , #..####8 8.....8...###
,#..# *............... ,
#..# .8.8.8....####


There were no monsters in sight!

Vanquished Creatures
  Josephine (D:10)
  2 two-headed ogres
  Sonja (D:10)
  A hornet (D:10)
  A wyvern (D:8)
  4 wraiths (D:10)
  5 yaks (D:9)
  3 steam dragons (D:7)
  A two-headed ogre zombie (D:10)
  2 water moccasins
  Duvessa (D:7)
  A black bear (D:6)
  3 ice beasts
  3 sky beasts (D:7)
  An orc warrior (D:9)
  2 ogres
  4 centaurs
  2 phantoms (D:10)
  3 kobold brigands
  3 bullfrogs
  3 gnoll sergeants
  2 scorpions (D:5)
  3 wights (D:8)
  Dowan (D:7)
  A troll zombie (D:10)
  9 killer bees (D:9)
  3 howler monkeys
  10 orc priests
  3 hounds
  A jelly (D:5)
  A gnoll bouda (D:5)
  A sleepcap (D:6)
  2 iguanas
  5 orc wizards
  6 ogre zombies (D:10)
  29 gnolls
  7 adders
  4 river rats (Sewer)
  2 shadow imps
  A white imp (D:6)
  2 worms
  2 dart slugs (D:1)
  39 orcs
  3 bats
  7 endoplasms
  A giant cockroach (D:2)
  3 goblins
  11 hobgoblins
  8 jackals
  4 quokkas
  6 ball pythons
  5 frilled lizards
  3 goblin zombies (D:10)
  A hobgoblin skeleton (D:10)
  5 hobgoblin zombies (D:10)
  21 kobolds
  An orc skeleton (D:10)
  14 orc zombies (D:10)
  30 rats
304 creatures vanquished.

Notes
Turn   | Place    | Note
-------+----------+-------------------------------------------
     0 | D:1      | dracfodder the Gargoyle Earth Elementalist began the quest
                  | for the Orb.
     0 | D:1      | Reached XP level 1. HP: 10/10 MP: 3/3
    83 | D:1      | Reached skill level 4 in Earth Magic
    84 | D:1      | Reached XP level 2. HP: 15/15 MP: 0/5
   394 | D:1      | Learned a level 2 spell: Passwall
   514 | D:1      | Reached XP level 3. HP: 19/19 MP: 4/6
   688 | D:1      | Found a faded altar of an unknown god.
  1378 | D:3      | Reached XP level 4. HP: 7/24 MP: 0/7
  1602 | D:3      | Found a glowing silver altar of Zin.
  1602 | D:3      | Noticed an angel
  1666 | D:3      | Found a radiant altar of Vehumet.
  1947 | D:3      | Learned a level 3 spell: Stone Arrow
  2598 | D:3      | Became a worshipper of Vehumet
  2599 | D:3      | HP: 1/24 [something (23)]
  2859 | D:4      | Gained mutation: You have hidden genetic potential. [potion
                  | of mutation]
  2859 | D:4      | Gained mutation: You have large cloven feet. [potion of
                  | mutation]
  2859 | D:4      | Gained mutation: You passively map a small area around you.
                  | [potion of mutation]
  2929 | D:4      | Found a shimmering altar of Xom.
  2949 | D:4      | Found a glowing drain.
  2958 | Sewer    | Entered a sewer
  3137 | Sewer    | Reached skill level 5 in Earth Magic
  3272 | Sewer    | Reached * piety under Vehumet
  3272 | Sewer    | Offered knowledge of Magic Dart by Vehumet.
  3273 | Sewer    | Reached XP level 5. HP: 28/28 MP: 7/9
  3281 | Sewer    | Learned a level 1 spell: Magic Dart
  3526 | Sewer    | Gained mutation: Your mind is acute. (Int +4, Str/Dex -1)
                  | [hidden potential]
  3613 | Sewer    | Noticed a kobold brigand
  3613 | Sewer    | Noticed a kobold brigand
  3616 | Sewer    | Killed a kobold brigand
  3617 | Sewer    | Reached skill level 6 in Earth Magic
  3617 | Sewer    | Reached XP level 6. HP: 29/33 MP: 6/11
  3623 | Sewer    | Gained mutation: You are strong-willed. (Will+) [hidden
                  | potential]
  3623 | Sewer    | Lost mutation: You have hidden genetic potential. [hidden
                  | potential expressed]
  3852 | Sewer    | Offered knowledge of Momentum Strike by Vehumet.
  4189 | D:4      | Reached ** piety under Vehumet
  4490 | D:4      | Reached XP level 7. HP: 37/37 MP: 9/13
  4571 | D:4      | Reached skill level 7 in Earth Magic
  5169 | D:5      | Entered Level 5 of the Dungeon
  5175 | D:5      | Reached skill level 1 in Conjurations
  5228 | D:5      | Reached skill level 1 in Transmutations
  5245 | D:5      | Reached skill level 8 in Earth Magic
  5455 | D:5      | Reached XP level 8. HP: 42/42 MP: 8/15
  5606 | D:5      | Learned a level 4 spell: Petrify
  5615 | D:5      | Offered knowledge of Poisonous Vapours by Vehumet.
  5620 | D:5      | Reached skill level 5 in Spellcasting
  5620 | D:5      | Reached skill level 9 in Earth Magic
  5827 | D:5      | Found a blossoming altar of Fedhas.
  6824 | D:6      | Reached *** piety under Vehumet
  6974 | D:6      | Learned a level 2 spell: Poisonous Vapours
  6979 | D:6      | Learned a level 4 spell: Flame Wave
  7297 | D:6      | Found a large runed translucent door.
  7297 | D:6      | Found a large runed translucent door.
  7310 | D:6      | Noticed patfeehan111222's ghost (novice DsBe)
  7477 | D:6      | You fall into a shaft and drop 2 floors!
  7504 | D:7      | Reached skill level 1 in Fighting
  7504 | D:7      | Reached skill level 1 in Polearms
  7504 | D:7      | Reached skill level 10 in Earth Magic
  7504 | D:7      | Reached XP level 9. HP: 47/47 MP: 11/18
  7910 | D:7      | Reached skill level 11 in Earth Magic
  8411 | D:7      | Found a staircase to the Ecumenical Temple.
  8445 | D:7      | Reached skill level 1 in Ranged Weapons
  8500 | Temple   | Entered the Ecumenical Temple
  8929 | D:7      | Found Doach's Mass Market.
  8940 | D:7      | Found a shimmering blue altar of Sif Muna.
  8998 | D:7      | Noticed Duvessa
  8998 | D:7      | Noticed Dowan
  9001 | D:7      | Killed Dowan
  9007 | D:7      | Killed Duvessa
  9321 | D:7      | Offered knowledge of Olgreb's Toxic Radiance by Vehumet.
  9473 | D:8      | Noticed a two-headed ogre
  9652 | D:8      | Killed a two-headed ogre
  9653 | D:8      | Reached skill level 12 in Earth Magic
  9653 | D:8      | Reached XP level 10. HP: 53/53 MP: 12/21
  9708 | D:8      | Reached skill level 1 in Poison Magic
  9836 | D:8      | Reached **** piety under Vehumet
  9841 | D:8      | Offered knowledge of Ignite Poison by Vehumet.
 10128 | D:8      | Found a shadowy altar of Dithmenos.
 10221 | D:8      | Found a staircase to the Lair.
 10515 | D:9      | Reached skill level 1 in Air Magic
 10713 | D:9      | Found an ancient bone altar of Kikubaaqudgha.
 10738 | D:9      | Reached skill level 13 in Earth Magic
 11064 | D:9      | Noticed a two-headed ogre
 11139 | D:9      | Killed a two-headed ogre
 11247 | D:9      | Learned a level 3 spell: Ignite Poison
 11253 | D:9      | Learned a level 5 spell: Fireball
 11286 | D:9      | Reached XP level 11. HP: 57/57 MP: 12/23
 11568 | D:9      | Upgraded the game from 0.31-a0-44-g49d609d0da to
                  | 0.31-a0-45-g5f0c076935
 11570 | D:10     | Entered Level 10 of the Dungeon
 11668 | D:10     | Reached ***** piety under Vehumet
 11671 | D:10     | Offered knowledge of Fulminant Prism by Vehumet.
 11675 | D:10     | Found a staircase to the Orcish Mines.
 11785 | D:10     | Reached skill level 14 in Earth Magic
 12134 | D:10     | Noticed Josephine
 12144 | D:10     | Killed Josephine
 12257 | D:10     | Found Peotay Miud's General Store.
 12424 | D:10     | Noticed Sonja
 12433 | D:10     | Killed Sonja
 12525 | D:10     | Noticed Erica
 12539 | D:10     | Slain by Erica

Illustrated notes

Levels and vault maps discovered:
D:1:      erik_arrival_blinker_ship, layout_basic,
          dreamdust_ecumenical_altar_statues, chequers_serial_rivers_micro_a,
          minmay_tetromino_l2
D:2:      layout_rooms, chequers_serial_rivers_small_3, kennysheep_doodads
D:3:      layout_loops_ring, fiery_altar_vehumet, zin_angel,
          roderic_nine_men_s_morris
D:4:      layout_basic, mainiacjoe_overflow_small_starburst,
          portal_sewer_entry_b
D:5:      layout_cave_pools, nicolae_overflow_hidden_temple,
          reono_crystal_passage
D:6:      layout_layer_cave, ebering_ghost_disaster_area, minivault_27
D:7:      hellmonk_crumbling_castle, layout_gridville, lemuel_round_altar,
          minmay_temple_entry_stoned_glass, minmay_shop_mass,
          hangedman_misty_isle, uniq_duvessa
D:8:      layout_rooms, mainiacjoe_overflow_brackets, lair_entry_dummy,
          minmay_misc_feat_cross
D:9:      layout_basic, overflow_temple_1_default
D:10:     layout_irregular_city, pdpol_wu_jian_five_deadly_venoms,
          zombieorc2_lemuel, serial_column_ruins, column_ruins_hut_pillars,
          column_ruins_square_large, column_ruins_grid_1, column_ruins_grid_2,
          column_ruins_corridor_straight, column_ruins_grid_1,
          column_ruins_grid_1, serial_shops, shop, minmay_tree_intersection,
          uniq_maggie, uniq_erica, uniq_josephine, uniq_maurice, uniq_sonja
Temple:   eino_temple_lava

Skill      XL: |  1  2  3  4  5  6  7  8  9 10 11 |
---------------+----------------------------------+-----
Earth Magic    | 4 5 6 8 10 12 13 14 | 14.8
Dodging        | 2 3 |  3.1
Spellcasting   | 3 4 6 7 8 |  8.8
Stealth        | 3 4 |  4.6
Conjurations   | 1 2 |  2.6
Transmutations | 1 2 |  2.0
Fighting       | 1 2 |  2.1
Polearms       | 1 2 |  2.2
Ranged Weapons | 1 |  1.3
Poison Magic   | 2 |  2.6
Air Magic      | 1 |  1.3
Throwing       | |  0.2
Fire Magic     | |  0.1
Evocations     | |  0.3

Action                     |  1- 3 |  4- 6 |  7- 9 | 10-12 || total
---------------------------+-------+-------+-------+-------++-------
  Melee: Unarmed           |     9 |       |       |       ||     9
         Spear             |     7 |    12 |    29 |    76 ||   124
         Punch             |       |       |     1 |     3 ||     4
   Fire: Sling             |     3 |     6 |    17 |       ||    26
  Throw: Dart              |     2 |       |     4 |       ||     6
   Cast: Sandblast         |    50 |    84 |   110 |   131 ||   375
         Passwall          |       |     4 |     9 |       ||    13
         Stone Arrow       |       |    11 |    32 |    31 ||    74
         Magic Dart        |       |     6 |    24 |    69 ||    99
         Petrify           |       |       |    11 |     4 ||    15
         Poisonous Vapours |       |       |     7 |    19 ||    26
         Fireball          |       |       |       |     1 ||     1
         Flame Wave        |       |       |       |     1 ||     1
  Evoke: Wand              |       |       |     7 |     2 ||     9
    Use: Scroll            |     1 |     9 |     8 |     5 ||    23
         Potion            |       |     3 |     2 |     3 ||     8
   Stab: Sleeping          |     1 |       |       |       ||     1
         Petrified         |       |       |    15 |       ||    15
         Petrifying        |       |       |       |     1 ||     1
 Armour: Robe              |     9 |     8 |    36 |       ||    53
         Steam dragon scal |       |       |    20 |    74 ||    94
  Dodge: Dodged            |     7 |    28 |    73 |   132 ||   240

Table legend: (Time is in decaauts)
 A = Elapsed time spent in this place.
 B = Non-inter-level travel time spent in this place.
 C = Inter-level travel time spent in this place.
 D = Time resting spent in this place.
 E = Time spent auto-exploring this place.
 F = Levels seen in this place.
 G = Mean time per level.
                   A        B        C        D        E       F      G
               +--------+--------+--------+--------+--------+-----+--------+
         Total |  12870 |  12676 |    194 |   3683 |   6352 |  12 | 1072.5 |
       Dungeon |  11640 |  11455 |    185 |   3184 |   5938 |  10 | 1164.0 |
        Temple |     64 |     55 |      9 |      0 |     47 |   1 |   64.0 |
         Sewer |   1165 |   1165 |      0 |    499 |    367 |   1 | 1165.0 |
               +--------+--------+--------+--------+--------+-----+--------+

Top non-repeatable levels by time:
     D:6: 1624 daAuts
     D:7: 1530 daAuts
     D:3: 1395 daAuts
     D:4: 1296 daAuts
     D:9: 1214 daAuts
     D:5: 1175 daAuts
   Sewer: 1165 daAuts
    D:10: 1010 daAuts
     D:8: 1004 daAuts
     D:1: 717 daAuts
     D:2: 672 daAuts
  Temple: 64 daAuts
